 Dungeon Crawl Stone Soup version 0.19.1-1-g22dce08 (webtiles) character file.

157 McKennaii the Gusty (level 5, 0/31 HPs)
             Began as a High Elf Air Elementalist on Jan 9, 2017.
             Slain by a sky beast (5 damage)
             ... on level 2 of the Dungeon.
             The game lasted 00:12:39 (2669 turns).

McKennaii the Gusty (High Elf Air Elementalist)     Turns: 2669, Time: 00:12:40

Health: 0/31       AC:  5    Str:  7    XL:     5   Next: 15%
Magic:  11/12      EV: 13    Int: 19    God:
Gold:   250        SH:  0    Dex: 16    Spells: 4 memorised, 4 levels left

rFire  . . .     SeeInvis .     (no weapon)
rCold  . . .     Gourm    .     p - +0 robe (curse)
rNeg   . . .     Faith    .     (no shield)
rPois  .         Spirit   .     (no helmet)
rElec  .         Reflect  .     (no cloak)
rCorr  .         Harm     .     (no gloves)
MR     .....                    l - +2 pair of boots
Stlth  ++........               (no amulet)
                                (no ring)
                                (no ring)

@: swift (expiring), quick
A: no striking features
a: no special abilities


You were on level 2 of the Dungeon.
You were not hungry.

You visited 1 branch of the dungeon, and saw 3 of its levels.

You collected 250 gold pieces.

Inventory:

Hand Weapons
 s - a +0 falchion
Armour
 a - a +1 robe
 l - a +2 pair of boots (worn)
 p - a cursed +0 robe (worn)
 v - a +0 pair of gloves
 w - a +0 robe of magic resistance
Jewellery
 n - an uncursed ring of fire {unknown}
Wands
 d - a wand of digging (15/24)
 x - a wand of flame (0/48)
Scrolls
 e - 2 scrolls of fog
 f - 2 scrolls of identify
 h - 2 scrolls of teleportation
 m - a scroll of enchant armour
Potions
 g - a potion of invisibility
 i - a potion of resistance {unknown}
 j - 7 potions of curing {unknown}
 k - a potion of flight {unknown}
 o - a potion of heal wounds {unknown}
 q - a potion of might {unknown}
 t - 2 potions of lignification {unknown}
 u - a potion of agility {unknown}
Books
 b - a book of Air

   Spells                             Type                      Level
   a - Shock                          Conjuration/Air              1
   b - Swiftness                      Charms/Air                   2
   c - Repel Missiles                 Charms/Air                   2
   d - Static Discharge               Conjuration/Air              3
   e - Lightning Bolt                 Conjuration/Air              5
Comestibles
 c - 3 bread rations
 r - a meat ration


   Skills:
 + Level 0.2 Fighting
 + Level 2.5 Dodging
 + Level 2.6 Stealth
 + Level 0.7 Unarmed Combat
 + Level 4.0 Spellcasting
 + Level 2.3 Conjurations
 + Level 4.7 Air Magic


You had 4 spell levels left.
You knew the following spells:

 Your Spells              Type           Power        Failure   Level  Hunger
a - Shock                 Conj/Air       ###.         3%          1    None
b - Swiftness             Chrm/Air       ##......     10%         2    ##.....
c - Repel Missiles        Chrm/Air       ##....       10%         2    ##.....
d - Static Discharge      Conj/Air       ###.....     12%         3    ###....


Dungeon Overview and Level Annotations

Branches:
Dungeon (3/15)

Altars:


Message History

Reactivating autopickup.
There is a stone staircase leading up here.
Casting: Swiftness
Confirm with . or Enter, or press ? or * to list all spells.
You don't know that spell.
You can't go down here!
The sky beast closely misses you.
You climb upwards.
There is a stone staircase leading down here.
Unknown command.
The sky beast hits you. The sky beast shocks you.
* * * LOW HITPOINT WARNING * * *
You start to feel a little slower.
There is an open door here.
Which direction?
There isn't anything here!
The sky beast hits you.
* * * LOW HITPOINT WARNING * * *
The sky beast shocks you.
You die...

############
#######..........##############
#.....#........................
#.....#........................
#.....#.(......................
#.....#.......###..............
#.......##>..Y@.'..............
#........#....###..............
#.............# #.............#
#.............###.............#
##+#..[....#.).................
####....(.....[...............##.
#.............................##.
#..............#..............##.
#....#+##......#........###...##.


You could see a sky beast.

Vanquished Creatures
  An orc wizard (D:3)
  A gnoll (D:1)
  3 adders
  2 oozes (D:2)
  A worm (D:2)
  2 dart slugs (D:1)
  7 leopard geckos
  5 orcs
  A giant cockroach (D:2)
  8 goblins
  5 hobgoblins
  6 jackals
  A ball python (D:2)
  5 bats
  2 frilled lizards
  9 kobolds
  6 rats
65 creatures vanquished.

Notes
Turn   | Place    | Note
-------+----------+-------------------------------------------
     0 | D:1      | McKennaii the High Elf Air Elementalist began the quest for the Orb.
     0 | D:1      | Reached XP level 1. HP: 11/11 MP: 4/4
   103 | D:1      | Reached XP level 2. HP: 12/17 MP: 1/6
   928 | D:1      | Reached XP level 3. HP: 2/21 MP: 0/8
  1381 | D:2      | Reached XP level 4. HP: 20/27 MP: 0/9
  2098 | D:3      | Noticed a sky beast
  2131 | D:3      | Learned a level 2 spell: Swiftness
  2134 | D:3      | Learned a level 2 spell: Repel Missiles
  2138 | D:3      | Learned a level 3 spell: Static Discharge
  2347 | D:3      | Reached XP level 5. HP: 31/31 MP: 9/11
  2669 | D:2      | Slain by a sky beast

Skill      XL: |  1  2  3  4  5 |
---------------+----------------+-----
Air Magic      | 4 |  4.7
Spellcasting   | 3 4 |  4.0
Conjurations   | 2 |  2.3
Fighting       | |  0.2
Dodging        | |  2.5
Stealth        | |  2.6
Unarmed Combat | |  0.7

Action                   |  1- 3 |  4- 6 || total
-------------------------+-------+-------++-------
Melee: Unarmed           |    27 |     4 ||    31
 Cast: Shock             |    65 |    72 ||   137
       Swiftness         |       |     1 ||     1
Evoke: Wand              |       |    10 ||    10
  Use: Scroll            |       |     7 ||     7
 Stab: Distracted        |     1 |       ||     1
  Eat: Fruit             |       |     5 ||     5
       Pizza             |       |     1 ||     1
Armor: Robe              |     9 |     8 ||    17
Dodge: Dodged            |    40 |    12 ||    52
